[Event "ISR-chT U14 2018"]
[Site "Nir HaEmek"]
[Date "2018.08.12"]
[Round "?"]
[White "Ben Ari, Yannay"]
[Black "Levi, Yaniv"]
[Result "1-0"]
[ECO "A03"]
[WhiteElo "2022"]
[BlackElo "1338"]
[Annotator "NA"]
[PlyCount "55"]
[EventDate "2018.08.12"]
[EventType "team-tourn"]
[EventCountry "ISR"]
[SourceTitle "playchess.com"]
[Source "ChessBase"]
[SourceQuality "1"]
[TimeControl "3060+10"]

1. b3 d5 2. Bb2 c5 3. e3 Nc6 4. f4 e6 5. Nf3 Nf6 6. Bd3 d4 7. O-O Nd5 8. Qe2 Bd7 9. Na3 a6 10. Nc4 b5 11. Nce5 Bd6 12. exd4 ({White should try} 12. Be4 $16) 12... Nxf4 13. Qe4 $14 Nxd3 14. Nxc6 Qc7 15. Nce5 Bc6 16. Qxc6+ Qxc6 17. Nxc6 Rc8 18. cxd3 Rxc6 19. dxc5 Bxc5+ 20. d4 Bb4 21. d5 exd5 22. Bxg7 Rg8 23. Rae1+ Kd7 24. Ne5+ Kd6 25. Rf6+ Kc5 26. Rxc6+ Kd4 27. Nf3+ Kd3 28. Re3# 1-0

[Event "ISR-chT U14 2018"]
[Site "Nir HaEmek"]
[Date "2018.08.12"]
[Round "?"]
[White "Mizrahi, Ido"]
[Black "Rotenberg, Ariel"]
[Result "*"]
[ECO "C01"]
[WhiteElo "1943"]
[BlackElo "1123"]
[Annotator "NA"]
[PlyCount "22"]
[EventDate "2018.08.12"]
[EventType "team-tourn"]
[EventCountry "ISR"]
[SourceTitle "playchess.com"]
[Source "ChessBase"]
[SourceQuality "1"]
[TimeControl "3060+10"]

1. e4 c6 2. d4 {[%emt 0:00:04] d5e5Qb6 [%clk 0:50:17] Nf3 [%clk 0:50:20] Bg4 [%clk 0:50:19] c3 [%clk 0:50:25]} e6 3. Be2 {[%emt 0:00:08] Bxf3Bxf3 [%clk 0:50:29]} c5 4. dxc5 Bxc5 {[%emt 0:00:19] O-O [%clk 0:47:05] Nc6 [%clk 0:49:45] Qe2 [%clk 0:45:59] a5 [%clk 0:45:30]} 5. Bf4 Ne7 6. a4 O-O 7. Na3 Bxa3 (7... d5 $17 8. Nf3 dxe4 9. Qxd8 Rxd8) 8. Rxa3 Ng6 9. Bg3 Qc7 $18 (9... d5 $11) 10. h4 h5 11. Rd3 Rd8 *

[Event "ISR-chT U14 2018"]
[Site "Nir HaEmek"]
[Date "2018.08.12"]
[Round "?"]
[White "Lisak, Rotem"]
[Black "Milikow, Yoav"]
[Result "*"]
[ECO "B28"]
[WhiteElo "1353"]
[BlackElo "2186"]
[Annotator "NA RC"]
[PlyCount "21"]
[EventDate "2018.08.12"]
[EventType "team-tourn"]
[EventCountry "ISR"]
[SourceTitle "playchess.com"]
[Source "ChessBase"]
[SourceQuality "1"]
[TimeControl "3060+10"]

1. e4 c5 2. Nf3 a6 {[%emt 0:00:17] d4cxd4 [%clk 0:49:34]} 3. Nd4 Nf6 4. Nc3 e5 5. Nf3 {[%emt 0:00:33] Bb4 [%clk 0:49:50] Bg5 [%clk 0:46:00] Bxc3+ [%clk 0:44:25] bxc3 [%clk 0:45:50]} Qa5 {[%emt 0:08:15] Qd3 [%clk 0:41:34]} 6. Be2 ({Lieber} 6. Nxe5 $16 d6 7. Nc4) 6... Nc6 7. O-O d5 (7... d6 $11 {hält das Gleichgewicht.}) 8. Rb1 $17 (8. exd5 $16 {stays on course.} Nd4 9. Nxe5) 8... Qc7 9. Ng5 Na5 10. Ne6 fxe6 11. Bg4 *

[Event "ISR-chT U14 2018"]
[Site "Nir HaEmek"]
[Date "2018.08.12"]
[Round "?"]
[White "Ben-Gera, Omer"]
[Black "Sokolovsky, Yahli"]
[Result "*"]
[ECO "C54"]
[WhiteElo "1313"]
[BlackElo "2062"]
[Annotator "NA"]
[PlyCount "44"]
[EventDate "2018.08.12"]
[EventType "team-tourn"]
[EventCountry "ISR"]
[SourceTitle "playchess.com"]
[Source "ChessBase"]
[SourceQuality "1"]
[TimeControl "3060+10"]

1. e4 e5 2. Nf3 Nc6 3. Bc4 Bc5 4. c3 Nf6 5. d4 exd4 6. e5 d5 7. Bb5 Ne4 8. cxd4 Bb4+ 9. Bd2 Nxd2 10. Nbxd2 O-O 11. Bxc6 bxc6 12. O-O Re8 13. a3 Bf8 14. Nb3 Rb8 $14 15. Qc2 Bg4 16. Nfd2 c5 17. Rfe1 c4 18. Nc1 c5 19. f3 Bh5 20. Qc3 Qb6 21. b3 cxd4 22. Qc2 d3+ *

[Event "ISR-chT U14 2018"]
[Site "Nir HaEmek"]
[Date "2018.08.12"]
[Round "?"]
[White "Dezent, Eyal"]
[Black "Verny, David"]
[Result "*"]
[ECO "C84"]
[WhiteElo "1205"]
[BlackElo "1946"]
[Annotator "NA"]
[PlyCount "52"]
[EventDate "2018.08.12"]
[EventType "team-tourn"]
[EventCountry "ISR"]
[SourceTitle "playchess.com"]
[Source "ChessBase"]
[SourceQuality "1"]
[TimeControl "3060+10"]

1. e4 e5 2. Nf3 Nc6 3. Bb5 a6 4. Ba4 Nf6 5. d3 b5 6. Bb3 Be7 7. Nc3 d6 8. h3 Na5 9. Be3 Nxb3 10. axb3 Bb7 11. O-O O-O 12. Ne2 Re8 13. Ng3 Bf8 14. Bg5 g6 15. Qd2 Bg7 16. Bh6 Bh8 17. Nf5 $17 (17. Nh2 $11) 17... Bxe4 18. N5h4 Bxf3 19. Nxf3 Bg7 20. Bxg7 Kxg7 21. Rfe1 Nh5 22. Qc3 f5 23. Nd2 Nf4 24. Nf1 Qg5 25. Ne3 c5 26. Qd2 Nxh3+ *

[Event "ISR-chT U14 2018"]
[Site "Nir HaEmek"]
[Date "2018.08.12"]
[Round "?"]
[White "Glickman, Ido"]
[Black "Milikow, Elie"]
[Result "*"]
[ECO "B08"]
[WhiteElo "1195"]
[BlackElo "2173"]
[Annotator "NA RC"]
[PlyCount "20"]
[EventDate "2018.08.12"]
[EventType "team-tourn"]
[EventCountry "ISR"]
[SourceTitle "playchess.com"]
[Source "ChessBase"]
[SourceQuality "1"]
[TimeControl "3060+10"]

1. e4 c5 2. Nf3 g6 3. d4 {[%emt 0:00:44] cxd4Nxd4 [%clk 0:49:43]} Bg7 {[%emt 0:00:06] Nf3 [%clk 0:49:13] Nc6 [%clk 0:50:13]} 4. Nc3 Nf6 5. Bc4 O-O 6. O-O d6 7. h3 Bd7 8. Bg5 a6 9. Qd2 b5 10. Bd3 {[%emt 0:00:19] Rc8 [%clk 0:42:47] a3 [%clk 0:39:58]} Qc7 *

[Event "ISR-chT U14 2018"]
[Site "Nir HaEmek"]
[Date "2018.08.12"]
[Round "1"]
[White "Verny, David"]
[Black "Rotenberg, Ariel"]
[Result "1-0"]
[ECO "B12"]
[WhiteElo "1946"]
[BlackElo "1123"]
[Annotator "NA"]
[PlyCount "81"]
[EventDate "2018.08.12"]
[EventType "team-tourn"]
[EventCountry "ISR"]
[SourceTitle "playchess.com"]
[Source "ChessBase"]
[SourceQuality "1"]
[TimeControl "3060+10"]

1. e4 c6 2. d4 d5 3. e5 Qb6 4. Nf3 Bg4 5. c3 e6 6. Be2 Bxf3 7. Bxf3 c5 8. dxc5 Bxc5 9. O-O Nc6 $18 10. Qe2 a5 11. Bf4 Nge7 12. a4 O-O 13. Na3 Bxa3 14. Rxa3 Ng6 15. Bg3 Qc7 16. Re1 Rfd8 17. h4 d4 18. Be4 dxc3 19. Rxc3 Qd7 20. h5 Nge7 21. Rd3 Qc7 22. Rc1 Rxd3 23. Qxd3 Rd8 24. Bxh7+ Kh8 25. Qc2 Qd7 26. Be4 Nd4 27. Qd1 b5 28. Kh1 bxa4 29. Bh4 Nb3 30. Qxd7 Rxd7 31. Rc4 Rd1+ 32. Kh2 Ng8 33. Bg5 Rf1 34. Be3 Ra1 35. Bc6 a3 36. bxa3 Rxa3 37. Be8 Kh7 38. Bxf7 Ra2 39. Rc8 Ne7 40. Re8 Nf5 41. Bg6# 1-0

[Event "ISR-chT U14 2018"]
[Site "Nir HaEmek"]
[Date "2018.08.12"]
[Round "1"]
[White "Lisak, Rotem"]
[Black "Kochavi, Ori"]
[Result "0-1"]
[ECO "B28"]
[WhiteElo "1353"]
[BlackElo "2138"]
[Annotator "NA"]
[PlyCount "110"]
[EventDate "2018.08.12"]
[EventType "team-tourn"]
[EventCountry "ISR"]
[SourceTitle "playchess.com"]
[Source "ChessBase"]
[SourceQuality "1"]
[TimeControl "3060+10"]

1. e4 c5 2. Nf3 a6 3. d4 cxd4 4. Nxd4 Nf6 5. Nc3 e5 6. Nf3 Bb4 7. Bg5 Bxc3+ 8. bxc3 $17 Qa5 9. Qd3 Nxe4 10. Bd2 Nxd2 11. Qxd2 O-O 12. Be2 Nc6 13. O-O d5 14. Rfd1 Be6 15. Rab1 Qc7 16. Qe3 Rac8 17. Ng5 Na5 18. Nxe6 fxe6 19. Bg4 Rf6 20. Qh3 Re8 21. Qe3 b5 22. Be2 Rf4 23. Bd3 Nc4 24. Qh3 e4 25. Bxc4 Qxc4 26. Qe3 Ref8 27. Qb6 Qc8 28. Rf1 R4f6 29. Rb3 Kh8 30. Qd4 Qc7 31. h3 Rd8 32. Rd1 h6 33. Qe3 Rdf8 34. Rf1 e5 35. Qd2 Qc4 36. Qe3 Rf4 37. Re1 d4 38. cxd4 exd4 39. Qd2 Rxf2 40. Qxf2 Rxf2 41. Kxf2 Qxc2+ 42. Re2 e3+ 43. Kf3 Qf5+ 44. Kg3 Qe5+ 45. Kf3 Qh5+ 46. g4 Qxh3+ 47. Kf4 Qf1+ 48. Ke4 Qxe2 49. Kxd4 Qxg4+ 50. Kxe3 Qg3+ 51. Kd4 Qf2+ 52. Ke4 Qxa2 53. Rf3 Qg2 54. Ke3 Qxf3+ 55. Kxf3 a5 0-1

[Event "ISR-chT U14 2018"]
[Site "Nir HaEmek"]
[Date "2018.08.12"]
[Round "1"]
[White "Dezent, Eyal"]
[Black "Vagman, Roy"]
[Result "0-1"]
[ECO "C84"]
[WhiteElo "1205"]
[BlackElo "1952"]
[Annotator "NA"]
[PlyCount "74"]
[EventDate "2018.08.12"]
[EventType "team-tourn"]
[EventCountry "ISR"]
[SourceTitle "playchess.com"]
[Source "ChessBase"]
[SourceQuality "1"]
[TimeControl "3060+10"]

1. e4 e5 2. Nf3 Nc6 3. Bb5 a6 4. Ba4 Nf6 5. d3 b5 6. Bb3 Be7 7. Nc3 d6 8. h3 Na5 9. Be3 Nxb3 10. axb3 Bb7 11. O-O O-O 12. Ne2 Re8 13. Ng3 Bf8 14. Bg5 g6 15. Qd2 Bg7 16. Bh6 Bh8 17. Nf5 $17 (17. Nh2 $11) 17... Bxe4 18. N5h4 Bxf3 19. Nxf3 Bg7 20. Bxg7 Kxg7 21. Rfe1 Nh5 22. Qc3 f5 23. Nd2 Nf4 24. Nf1 Qg5 25. Ne3 c5 26. Qd2 Nxh3+ 27. Kh2 Nf4 28. Kg1 d5 29. f3 d4 30. Nd5 Nh3+ 31. Kf1 Qxd2 32. Re2 Qg5 33. gxh3 Rad8 34. Rg2 Qh4 35. Rxa6 Rxd5 36. Ra7+ Re7 37. Rxe7+ Qxe7 0-1

[Event "ISR-chT U14 2018"]
[Site "Nir HaEmek"]
[Date "2018.08.12"]
[Round "1"]
[White "Glickman, Ido"]
[Black "Sobel, Ido"]
[Result "0-1"]
[ECO "B70"]
[WhiteElo "1195"]
[BlackElo "1727"]
[Annotator "NA"]
[PlyCount "62"]
[EventDate "2018.08.12"]
[EventType "team-tourn"]
[EventCountry "ISR"]
[SourceTitle "playchess.com"]
[Source "ChessBase"]
[SourceQuality "1"]
[TimeControl "3060+10"]

1. e4 c5 2. Nf3 g6 3. d4 cxd4 4. Nxd4 Bg7 5. Nf3 Nc6 6. Nc3 Nf6 7. Bc4 O-O 8. O-O d6 9. h3 Bd7 10. Bg5 a6 11. Qd2 b5 12. Bd3 Rc8 13. a3 Na5 14. Rab1 Nc4 15. Qe2 Nxb2 16. Rxb2 Rxc3 17. Rb3 Qc7 18. Qd2 Rc8 19. Rc1 Be6 20. Rxc3 Qxc3 21. Qxc3 Rxc3 22. Ra1 Nd7 23. Rd1 Kf8 24. Bc1 Ne5 25. Nxe5 Bxe5 26. Kf1 Bc4 27. Ke1 Bxd3 28. cxd3 Rc2 29. f4 Bd4 30. g4 Rh2 31. Rd2 Rh1+ 0-1

[Event "ISR-chT U14 2018"]
[Site "Nir HaEmek"]
[Date "2018.08.13"]
[Round "3"]
[White "Ben Ari, Yannay"]
[Black "Levin, Guy"]
[Result "1/2-1/2"]
[ECO "B24"]
[WhiteElo "2022"]
[BlackElo "2032"]
[Annotator "NA RC"]
[PlyCount "36"]
[EventDate "2018.08.12"]
[EventType "team-tourn"]
[EventCountry "ISR"]
[SourceTitle "playchess.com"]
[Source "ChessBase"]
[SourceQuality "1"]
[TimeControl "3060+10"]

1. e4 c5 2. Nc3 Nc6 3. g3 g6 4. Bg2 Bg7 5. f4 e6 6. Nge2 d6 7. O-O Nge7 8. a3 O-O 9. Rb1 Rb8 10. d3 b6 11. Be3 Nd4 12. Qd2 f5 13. Bxd4 cxd4 14. Nb5 e5 15. Qb4 fxe4 16. fxe5 dxe5 17. Rxf8+ Bxf8 18. Qc4+ $19 Kg7 1/2-1/2

[Event "ISR-chT U14 2018"]
[Site "Nir HaEmek"]
[Date "2018.08.13"]
[Round "3"]
[White "Zholti, Alon"]
[Black "Gov, Guy"]
[Result "0-1"]
[ECO "E32"]
[WhiteElo "1976"]
[BlackElo "1834"]
[Annotator "NA RC"]
[PlyCount "132"]
[EventDate "2018.08.12"]
[EventType "team-tourn"]
[EventCountry "ISR"]
[SourceTitle "playchess.com"]
[Source "ChessBase"]
[SourceQuality "1"]
[TimeControl "3060+10"]

1. d4 Nf6 2. c4 e6 3. Nc3 Bb4 4. Qc2 O-O 5. e4 {[%emt 0:00:02] LiveBook: 1028 Games} d5 6. e5 Ne4 7. Bd3 c5 8. Nf3 {[%emt 0:00:53] E32: Nimzo-Indian: Classical (4 Qc2): 4...0-0} cxd4 9. Nxd4 Nd7 10. Bf4 Ndc5 (10... Qh4 11. g3 Qh5 12. h4 Nxe5 13. Be2 Ng4 14. Bxg4 Qxg4 15. f3 Qh5 {1-0 (36) Vallejo Pons,F (2707)-So,W (2780) Leon 2018}) 11. O-O Nxd3 12. Qxd3 Bxc3 13. bxc3 b6 14. cxd5 Qxd5 15. c4 Nc5 16. Qc3 $146 Qe4 17. Bg3 Ba6 18. Rfd1 Rfc8 19. f3 Qb7 20. Qb4 Rc7 $11 21. Rd2 Rac8 22. Rad1 Qb8 23. Nb5 Bxb5 24. cxb5 h6 25. Bh4 Nb7 26. Qg4 Rc4 27. Qg3 Kh7 28. Rd7 Rc1 29. Qe1 Rxd1 30. Qxd1 Rc7 31. Qd3+ g6 32. Qd4 Qc8 33. Rxc7 Qxc7 34. Qd2 Qc5+ 35. Bf2 Qxb5 36. Bd4 Qd5 37. Kf2 Na5 38. Qb2 Nc6 39. Bc3 Qc5+ 40. Kg3 Ne7 41. Bb4 Nf5+ 42. Kh3 Qc4 43. Be1 Qf4 44. Qe2 Qg5 45. g4 Nd4 46. Qe4 Qd8 47. Qd3 Qd5 48. Kg2 Qxa2+ 49. Bf2 Nc6 50. Qd6 Qd5 51. Qc7 Nxe5 52. Qxa7 Qxf3+ 53. Kg1 Qxg4+ 54. Kh1 Qe4+ 55. Kg1 Nf3+ 56. Kg2 Ng5+ 57. Kf1 b5 58. h4 Qh1+ 59. Ke2 Qf3+ 60. Ke1 Ne4 61. Bd4 Qg3+ 62. Ke2 Qg2+ 63. Kd3 Nd6 64. Qb8 Qe4+ 65. Kc3 e5 66. Qxd6 Qxd4+ 0-1

[Event "ISR-chT U14 2018"]
[Site "Nir HaEmek"]
[Date "2018.08.13"]
[Round "3"]
[White "Verny, David"]
[Black "Pelech, Roee"]
[Result "1/2-1/2"]
[ECO "B40"]
[WhiteElo "1946"]
[BlackElo "1769"]
[Annotator "NA RC"]
[PlyCount "39"]
[EventDate "2018.08.12"]
[EventType "team-tourn"]
[EventCountry "ISR"]
[SourceTitle "playchess.com"]
[Source "ChessBase"]
[SourceQuality "1"]
[TimeControl "3060+10"]

1. e4 c5 2. Nf3 e6 3. b3 b6 4. Bb2 Bb7 5. d3 Nc6 6. Nbd2 a6 7. g3 d5 8. a4 Nf6 9. Bg2 Be7 10. O-O O-O 11. Re1 Qc7 12. exd5 Nxd5 13. Nc4 Bf6 14. Bxf6 Nxf6 15. Qd2 Rad8 16. Nfe5 Nxe5 17. Nxe5 Bxg2 18. Kxg2 Rd5 19. Qe2 Rfd8 20. Kg1 1/2-1/2

[Event "ISR-chT U14 2018"]
[Site "Nir HaEmek"]
[Date "2018.08.13"]
[Round "3"]
[White "Levitan, Ronit"]
[Black "Cohen Revivo, Shoham"]
[Result "*"]
[ECO "C56"]
[WhiteElo "1933"]
[BlackElo "2285"]
[Annotator "NA RC"]
[PlyCount "20"]
[EventDate "2018.08.12"]
[EventType "team-tourn"]
[EventCountry "ISR"]
[SourceTitle "playchess.com"]
[Source "ChessBase"]
[SourceQuality "1"]
[TimeControl "3060+10"]

1. e4 e5 2. Nf3 Nc6 3. d4 exd4 4. Bc4 Nf6 5. Ng5 d5 6. exd5 Qe7+ 7. Kd2 Qb4+ 8. c3 Qxc4 9. dxc6 dxc3+ 10. Nxc3 Bg4 *

[Event "ISR-chT U14 2018"]
[Site "Nir HaEmek"]
[Date "2018.08.13"]
[Round "3"]
[White "Leib, Daniel"]
[Black "Mizrahi, Ido"]
[Result "0-1"]
[ECO "B13"]
[WhiteElo "1808"]
[BlackElo "1943"]
[Annotator "NA RC"]
[PlyCount "58"]
[EventDate "2018.08.12"]
[EventType "team-tourn"]
[EventCountry "ISR"]
[SourceTitle "playchess.com"]
[Source "ChessBase"]
[SourceQuality "1"]
[TimeControl "3060+10"]

1. e4 c6 2. d4 d5 3. exd5 cxd5 4. Nf3 Nc6 5. Bd3 Nf6 6. O-O Bg4 7. c3 e6 8. Re1 Bd6 {[%emt 0:01:26] B13: Caro-Kann: Exchange Variation and Panov-Botvinnik Attack} (8... Be7 9. Nbd2 O-O 10. Nf1 Bh5 11. Ng3 Bg6 12. Bg5 Rb8 13. h4 b5 14. a3 a5 15. Bxg6 hxg6 16. Ne5 Nxe5 17. dxe5 {0-1 (96) Petr,M (2397)-Haba,P (2514) Ceska Trebova 2006}) 9. Bg5 h6 10. Bh4 Qb6 $146 ({Predecessor:} 10... g5 11. Bg3 h5 12. Be5 Bxe5 13. dxe5 Nd7 14. Nbd2 Ndxe5 15. Rxe5 Nxe5 16. Qa4+ {0-1 (47) Plese,J (1929)-Trtanj,Z (1996) Rijeka/Pula 2009}) 11. b3 O-O-O 12. Nbd2 g5 13. Bg3 Bxg3 14. hxg3 h5 15. Qc2 Rdg8 16. Ne5 Nxe5 17. dxe5 h4 18. exf6 hxg3 19. Re3 Rh6 20. Nf1 Rgh8 $1 21. Nxg3 $19 (21. fxg3 $15 Rh1+ 22. Kf2) 21... Qc7 22. Rf3 Bxf3 23. gxf3 Rh1+ 24. Nxh1 Qh2+ 25. Kf1 Qxh1+ 26. Ke2 Qxa1 27. Ke3 Qe1+ 28. Kd4 Rh4+ 29. Kc5 Qe5 {[%emt 0:00:08] Kd4 [%clk 0:00:00]} 0-1

[Event "ISR-chT U14 2018"]
[Site "Nir HaEmek"]
[Date "2018.08.13"]
[Round "3"]
[White "Tsirilman, Guy"]
[Black "Rotem Furshpan, Nir"]
[Result "1-0"]
[ECO "A05"]
[WhiteElo "1753"]
[BlackElo "1767"]
[Annotator "NA RC"]
[PlyCount "100"]
[EventDate "2018.08.12"]
[EventType "team-tourn"]
[EventCountry "ISR"]
[SourceTitle "playchess.com"]
[Source "ChessBase"]
[SourceQuality "1"]
[TimeControl "3060+10"]

1. Nf3 Nf6 2. g3 g6 3. Bg2 Bg7 4. O-O O-O 5. d3 d6 6. e4 c5 7. Nbd2 Nc6 8. Ne1 b5 9. e5 Bg4 10. f3 Nxe5 11. fxg4 Rc8 12. Nef3 Nfxg4 13. Qe2 Nc6 14. Ne4 d5 15. Nf2 Nxf2 16. Qxf2 Qd6 17. c3 e5 18. Be3 Ne7 19. d4 cxd4 20. cxd4 e4 21. Bf4 Qb4 22. Ne5 Nf5 23. Rfd1 Nd6 24. a3 Qa5 25. Bh3 f5 26. Nxg6 hxg6 27. Bxd6 Rfe8 28. b4 Qd8 29. Bc5 Rc7 30. Re1 Rf7 31. Rf1 Qg5 32. Qf4 Qh5 33. Bg2 g5 34. Qd6 e3 35. Bxd5 e2 36. Bxf7+ Qxf7 37. Rfe1 f4 38. Qc6 f3 39. Kf2 Qh5 40. Qd5+ Kh8 41. h4 Qg6 42. Qxg5 Qe4 43. Qh5+ Kg8 44. Qxf3 Bxd4+ 45. Bxd4 Rf8 46. Bf6 Qg6 47. Kg2 Rxf6 48. Qxe2 Kh7 49. h5 {[%emt 0:11:54] Qg5Rad1 [%clk 0:11:32]} Rf7 50. Qe4 Kh8 {[%emt 0:00:06] Rd5 [%clk 0:11:23] Qg7 [%clk 0:00:16] Rd8+ [%clk 0:11:26] Rf8 [%clk 0:00:24] Rxf8+ [%clk 0:11:28]} 1-0

[Event "ISR-chT U14 2018"]
[Site "Nir HaEmek"]
[Date "2018.08.13"]
[Round "3"]
[White "Niriev, Michael"]
[Black "Vagman, Roy"]
[Result "0-1"]
[ECO "C56"]
[WhiteElo "1619"]
[BlackElo "1952"]
[Annotator "NA RC"]
[PlyCount "24"]
[EventDate "2018.08.12"]
[EventType "team-tourn"]
[EventCountry "ISR"]
[SourceTitle "playchess.com"]
[Source "ChessBase"]
[SourceQuality "1"]
[TimeControl "3060+10"]

1. e4 e5 2. Nf3 Nc6 3. d4 exd4 4. Bc4 Nf6 5. Ng5 d5 6. exd5 Qe7+ 7. Kd2 $2 (7. Kf1 $11 {and White is okay.} Ne5 8. Qxd4) 7... Qb4+ 8. c3 Qxc4 9. dxc6 $19 dxc3+ 10. Nxc3 Bg4 11. Re1+ Be7 12. Qb3 Rd8+ {[%emt 0:00:36] 0:1} 0-1

[Event "ISR-chT U14 2018"]
[Site "Nir HaEmek"]
[Date "2018.08.13"]
[Round "3"]
[White "Shavit, Inbar"]
[Black "Katz, Kiril"]
[Result "0-1"]
[ECO "C17"]
[WhiteElo "1523"]
[BlackElo "1822"]
[Annotator "NA RC"]
[PlyCount "70"]
[EventDate "2018.08.12"]
[EventType "team-tourn"]
[EventCountry "ISR"]
[SourceTitle "playchess.com"]
[Source "ChessBase"]
[SourceQuality "1"]
[TimeControl "3060+10"]

1. e4 e6 2. d4 d5 3. Nc3 Bb4 4. e5 c5 5. Bd2 a6 6. dxc5 Bxc5 7. Qg4 Kf8 8. Bd3 Nc6 9. f4 h5 10. Qe2 Nd4 11. Qf1 Bd7 12. Nf3 Nxf3+ 13. Qxf3 Bc6 14. Qg3 Nh6 15. h3 h4 16. Qh2 $17 (16. Qf3 $15) 16... Nf5 17. Bxf5 exf5 18. Rf1 Qb6 19. O-O-O d4 20. Nb1 Be4 21. g3 Rc8 22. Be1 Be7 23. Rf2 hxg3 24. Qxg3 Bh4 25. Qa3+ Be7 26. Qb3 Qc6 27. Rdd2 Bc5 28. Rh2 d3 29. c3 Be3 30. Qa3+ Kg8 31. Bg3 Qb6 32. Rh1 Bxh1 33. Be1 Bxd2+ 34. Nxd2 Qe3 35. Kd1 Qe2+ 0-1

[Event "ISR-chT U14 2018"]
[Site "Nir HaEmek"]
[Date "2018.08.13"]
[Round "4"]
[White "Yaniv, Yuval"]
[Black "Ben Ari, Yannay"]
[Result "1-0"]
[ECO "A04"]
[WhiteElo "2199"]
[BlackElo "2022"]
[Annotator "NA"]
[PlyCount "139"]
[EventDate "2018.08.12"]
[EventType "team-tourn"]
[EventCountry "ISR"]
[SourceTitle "playchess.com"]
[Source "ChessBase"]
[SourceQuality "1"]
[TimeControl "3060+10"]

1. Nf3 f5 2. d3 Nf6 3. e4 d6 4. Nc3 g6 5. Bg5 Bg7 6. Qd2 h6 7. Bxf6 Bxf6 8. d4 Nc6 9. d5 Ne5 10. Nd4 fxe4 11. Nxe4 Bg7 12. Bb5+ c6 13. dxc6 O-O 14. Nc3 bxc6 15. Nxc6 Nxc6 16. Bxc6 Rb8 17. Bd5+ Kh7 18. Bb3 Bb7 19. f3 Be5 20. Qd3 Qa5 21. O-O-O Ba6 22. Qd5 Bxc3 23. bxc3 Qxc3 24. Qd4 Rfc8 25. Rhe1 Qxd4 26. Rxd4 Rc7 27. Kd2 Kg7 28. Rf4 e5 29. Ra4 Bb5 30. Ra5 Rbb7 31. Re3 Bc4 32. Rc3 Bxb3 33. Rxc7+ Rxc7 34. axb3 Kf6 35. Ra6 Ke7 36. c4 Rd7 37. Kc3 Kd8 38. c5 dxc5 39. Rxg6 h5 40. Rg5 h4 41. Rxe5 Rg7 42. Re2 Kd7 43. Kc4 Kd6 44. Ra2 Kc6 45. Rc2 Kd6 46. Rf2 Rg8 47. f4 Rg4 48. h3 Rg6 49. f5 Rf6 50. Rf4 Kc6 51. Rxh4 Rxf5 52. Rh6+ Kc7 53. g4 Rf3 54. g5 Rg3 55. h4 Kd7 56. Kxc5 Rxb3 57. Rh7+ Ke6 58. Rxa7 Rh3 59. Rh7 Kf5 60. Rh6 Rc3+ 61. Kd6 Rd3+ 62. Ke7 Ra3 63. Rf6+ Kg4 64. g6 Ra7+ 65. Kf8 Ra8+ 66. Kg7 Kxh4 67. Rf5 Kg4 68. Rb5 Ra1 69. Kg8 Ra8+ 70. Kh7 1-0

[Event "ISR-chT U14 2018"]
[Site "Nir HaEmek"]
[Date "2018.08.13"]
[Round "4"]
[White "Vagman, Roy"]
[Black "Neeman, Gal"]
[Result "1-0"]
[ECO "B20"]
[WhiteElo "1952"]
[BlackElo "1767"]
[Annotator "NA"]
[PlyCount "101"]
[EventDate "2018.08.12"]
[EventType "team-tourn"]
[EventCountry "ISR"]
[SourceTitle "playchess.com"]
[Source "ChessBase"]
[SourceQuality "1"]
[TimeControl "3060+10"]

1. e4 c5 2. Ne2 e6 3. g3 Nc6 4. Bg2 Nf6 5. d3 d6 6. O-O Be7 7. h3 Bd7 8. Kh2 Qc7 9. a4 h6 10. Na3 O-O 11. f4 Nh7 12. Nc4 a6 13. Bd2 b5 14. axb5 axb5 15. Rxa8 Rxa8 16. Ne3 Bf6 17. Bc3 Bxc3 18. Nxc3 Rb8 19. f5 Ne5 20. fxe6 fxe6 21. Ng4 Ng6 22. h4 b4 23. Ne2 e5 24. Ng1 Qd8 25. Bh3 h5 26. Ne3 Bxh3 27. Nxh3 Nf6 28. Ng5 Qd7 29. Rf5 Rf8 30. Qa1 Ne7 31. Rf2 Kh8 32. Qd1 Kg8 33. Kg2 Ng6 34. Nf5 Ng4 35. Rf3 d5 36. Qe2 dxe4 37. dxe4 Rd8 38. Qc4+ Kh8 39. Nf7+ Kh7 40. Ng5+ Kh8 41. Rd3 Qe8 42. Nf7+ Kh7 43. Rxd8 Qc6 44. Rh8+ Nxh8 45. Ng5+ Kg6 46. Ne7+ Kh6 47. Nf5+ Kg6 48. Qg8 Qd7 49. Ne7+ Qxe7 50. Qh7+ Kf6 51. Qf5# 1-0

[Event "ISR-chT U14 2018"]
[Site "Nir HaEmek"]
[Date "2018.08.13"]
[Round "4"]
[White "Mizrahi, Ido"]
[Black "Zemach, Nadav"]
[Result "1/2-1/2"]
[ECO "D36"]
[WhiteElo "1943"]
[BlackElo "1901"]
[Annotator "NA"]
[PlyCount "41"]
[EventDate "2018.08.12"]
[EventType "team-tourn"]
[EventCountry "ISR"]
[SourceTitle "playchess.com"]
[Source "ChessBase"]
[SourceQuality "1"]
[TimeControl "3060+10"]

1. c4 Nf6 2. Nc3 e6 3. d4 d5 4. cxd5 exd5 5. Bg5 c6 6. e3 Be7 7. Qc2 Nbd7 8. Bd3 O-O 9. Nge2 h6 10. Bh4 Re8 11. O-O Ne4 12. Bxe7 Qxe7 13. Rae1 Ndf6 14. f3 Nxc3 15. Nxc3 c5 16. Qf2 Bd7 17. e4 cxd4 18. Qxd4 dxe4 19. Nxe4 Be6 20. Nxf6+ Qxf6 21. Qxf6 1/2-1/2

[Event "ISR-chT U14 2018"]
[Site "Nir HaEmek"]
[Date "2018.08.13"]
[Round "4"]
[White "Levitan, Ronit"]
[Black "Aizenberg, Benny"]
[Result "1/2-1/2"]
[ECO "B04"]
[WhiteElo "1933"]
[BlackElo "2149"]
[Annotator "NA"]
[PlyCount "55"]
[EventDate "2018.08.12"]
[EventType "team-tourn"]
[EventCountry "ISR"]
[SourceTitle "playchess.com"]
[Source "ChessBase"]
[SourceQuality "1"]
[TimeControl "3060+10"]

1. e4 Nf6 2. e5 Nd5 3. d4 d6 4. Nf3 dxe5 5. Nxe5 e6 6. c3 Bd6 7. Bd3 O-O 8. O-O b6 9. Nd2 Bb7 10. Ndf3 Nd7 11. Bc2 c5 12. Nxd7 Qxd7 13. Qd3 Nf6 14. Re1 Rac8 15. Bg5 c4 16. Qe2 Qb5 17. a4 Qa5 18. Bxf6 gxf6 19. Be4 Bxe4 20. Qxe4 Qh5 21. g3 Kh8 22. Nd2 Rg8 23. Qe2 Qxe2 24. Rxe2 Rgd8 25. Ne4 Be7 26. f4 Rd5 27. Nd2 Ra5 28. Ree1 1/2-1/2